 Dungeon Crawl Stone Soup version 0.28-a0-413-gde365fb1df (webtiles) character file.

Game seed: 11394402430890072984

93 Maize the Skirmisher (level 4, 0/41 HPs)
             Began as a Minotaur Berserker on Nov 19, 2020.
             Was a Believer of Trog.
             Slain by a sky beast (5 damage)
             ... on level 5 of the Dungeon on Sept 7, 2021.
             The game lasted 00:03:20 (479 turns).

Maize the Skirmisher (Minotaur Berserker)            Turns: 479, Time: 00:03:21

Health: 0/41       AC:  2    Str: 22    XL:     4   Next: 36%
Magic:  3/3        EV: 12    Int:  4    God:    Trog [**....]
Gold:   29         SH:  0    Dex: 10    Spells: 3/3 levels left

rFire   . . .      SeeInvis .   a - +0 hand axe
rCold   . . .      Faith    .   (no shield)
rNeg    . . .      Spirit   .   b - +0 animal skin
rPois   .          Reflect  .   (helmet restricted)
rElec   .          Harm     .   (no cloak)
rCorr   .          Rampage  .   (no gloves)
Will    .....                   (no boots)
Stlth   +.........              (no amulet)
HPRegen 0.13/turn               (no ring)
MPRegen 0.08/turn               (no ring)

@: no status effects
A: horns 2, retaliatory headbutt
a: Renounce Religion, Berserk, Trog's Hand


You were on level 5 of the Dungeon.
You worshipped Trog.
Trog was pleased with you.
You visited 1 branch of the dungeon, and saw 5 of its levels.

You collected 29 gold pieces.

Inventory:

Hand Weapons
 a - a +0 hand axe (weapon)
Armour
 b - a +0 animal skin (worn)


   Skills:
 * Level 4.7 Fighting
 * Level 4.6 Axes
 + Level 3.2 Armour
 + Level 2.9 Dodging


You had 3 spell levels left.
You didn't know any spells.
Your spell library was empty.

Dungeon Overview and Level Annotations

Branches:
Dungeon (5/15)
 Temple: D:4-7

Altars:


Innate Abilities, Weirdness & Mutations

You have a pair of horns on your head.
You reflexively headbutt those who attack you in melee.


Message History

You can now call upon Trog for regeneration and willpower.
You see here a jackal corpse.
Found a jade ring.
Found a stone staircase leading down.
There is a stone staircase leading down here.
You climb downwards.
There is a stone staircase leading up here.
Found a sparkling bone ring.
A hound skeleton comes into view.
You hit the hound skeleton.
The hound skeleton is moderately damaged.
The hound skeleton bites you.
* * * LOW HITPOINT WARNING * * *
The hound skeleton bites you.
* * * LOW HITPOINT WARNING * * *
You hit the hound skeleton.
Your headbutt misses the hound skeleton.
The hound skeleton is moderately damaged.
The hound skeleton bites you but does no damage.
You slash the hound skeleton!
You headbutt the hound skeleton, but do no damage.
The hound skeleton is severely damaged.
The hound skeleton bites you.
* * * LOW HITPOINT WARNING * * *
You hit the hound skeleton but do no damage.
You headbutt the hound skeleton.
You destroy the hound skeleton!
Trog accepts your kill.
Found 16 stones.
Found a glowing falchion.
Found a stone staircase leading down.
Found 2 gold pieces.
There is a stone staircase leading down here.
You climb downwards.
Found a stone staircase leading down.
There is a stone staircase leading up here.
You hit the sky beast but do no damage. The sky beast hits you.
* * * LOW HITPOINT WARNING * * *
The sky beast shocks you.
You die...

### ..# #.#
#.# #.# #.#
## #.#
##...#####<#
...>..Y@...#
##...#######
##


You could see a sky beast.

Vanquished Creatures
  A scorpion (D:3)
  A hound skeleton (D:4)
  2 bats (D:1)
  3 goblins (D:1)
  A hobgoblin (D:1)
  4 jackals (D:3)
  3 kobolds (D:1)
  A ball python (D:2)
  3 rats (D:1)
19 creatures vanquished.

Notes
Turn   | Place    | Note
-------+----------+-------------------------------------------
     0 | D:1      | Maize the Minotaur Berserker began the quest for the Orb.
     0 | D:1      | Reached XP level 1. HP: 19/19 MP: 0/0
   136 | D:1      | Upgraded the game from 0.26-a0-845-gfacbca91cf to
                  | 0.28-a0-413-gde365fb1df
   165 | D:1      | Reached XP level 2. HP: 22/27 MP: 1/1
   374 | D:3      | Noticed a scorpion
   390 | D:3      | Killed a scorpion
   391 | D:3      | Reached XP level 3. HP: 6/34 MP: 2/2
   391 | D:3      | Reached XP level 4. HP: 7/41 MP: 3/3
   395 | D:3      | Reached ** piety under Trog
   475 | D:5      | Entered Level 5 of the Dungeon
   475 | D:5      | Noticed a sky beast
   479 | D:5      | Slain by a sky beast

Illustrated notes

Levels and vault maps discovered:
D:1:      eino_arrival_cavern_a, layout_loops_ring, serial_glass,
          glass_columns_a, glass_columns_c
D:2:      layout_basic, ebering_ecumenical_altar_abandoned
D:3:      layout_loops_ring, mainiacjoe_overflow_alcove_4,
          gammafunk_ghost_split, serial_shops, shop_statue
D:4:      layout_cave_pools, tgw_trog, mainiacjoe_overflow_paths,
          lemuel_doored_altar
D:5:      layout_loops_ring, kennysheep_small_circle, uniq_duvessa, uniq_edmund

Skill      XL: |  1  2 |
---------------+-------+-----
Fighting       | 4 |  4.7
Axes           | 4 |  4.6
Armour         | 3 |  3.2
Dodging        | |  2.9

Action                   |  1- 3 |  4- 6 || total
-------------------------+-------+-------++-------
Melee: Hand axe          |    31 |     9 ||    40
       Headbutt          |     4 |     2 ||     6
Armor: Animal skin       |     8 |     3 ||    11
Dodge: Dodged            |    31 |     3 ||    34

Table legend: (Time is in decaauts)
 A = Elapsed time spent in this place.
 B = Non-inter-level travel time spent in this place.
 C = Inter-level travel time spent in this place.
 D = Time resting spent in this place.
 E = Time spent auto-exploring this place.
 F = Levels seen in this place.
 G = Mean time per level.
                   A        B        C        D        E       F      G
               +--------+--------+--------+--------+--------+-----+--------+
         Total |    482 |    482 |      0 |      0 |    122 |   5 |   96.4 |
       Dungeon |    482 |    482 |      0 |      0 |    122 |   5 |   96.4 |
               +--------+--------+--------+--------+--------+-----+--------+

Top non-repeatable levels by time:
     D:1: 304 daAuts
     D:3: 83 daAuts
     D:2: 63 daAuts
     D:4: 27 daAuts
     D:5: 3 daAuts
